 Dungeon Sprint DCSS version 0.31.0-12-g77e489cdc1 (webtiles) character file.

Game seed: 10172802766990838211

259 Silvore the Fighter (level 5, -3/57 HPs)
             Began as a Minotaur Fighter on Feb 21, 2024.
             Slain by a slime creature (6 damage)
             ... in the Dungeon (Sprint I: "Red Sonja").
             The game lasted 00:00:27 (123 turns).

Silvore the Fighter (Minotaur Fighter)               Turns: 123, Time: 00:00:27

Health: -3/57      AC:  8    Str: 22    XL:     5   Next: 95%
Magic:  4/4        EV: 10    Int:  5    God:
Gold:   162        SH:  5    Dex: 10    Spells: 4/4 levels left

rFire   . . .        a - +0 war axe
rCold   . . .        c - +0 buckler
rNeg    . . .        b - +0 scale mail
rPois   .            (helmet restricted)
rElec   .            (no cloak)
rCorr   .            (no gloves)
SInv    .            (no boots)
Will    .....        (no amulet) Stlth
                     (no ring)
HPRegen 0.29/turn    (no ring)
MPRegen 0.09/turn

%: no teleportation
@: no status effects
A: horns 2, retaliatory headbutt
a: no special abilities


You were in the Dungeon.
You visited 1 branch You collected 162 gold pieces.

Inventory:

Hand Weapons
 a - a +0 war axe (weapon)
Armour
 b - a +0 scale mail (worn)
 c - a +0 buckler (worn)
Scrolls
 j - a scroll of blinking
Potions
 e - a potion of curing
 f - a potion of heal wounds
 g - a potion of haste
 h - 2 potions of magic
 i - a potion of berserk rage


   Skills:
 + Level 9.0 Fighting
 + Level 5.5 Axes
 + Level 8.9 Armour
 + Level 0.9 Dodging
 + Level 8.4 Shields


You had 4 spell levels left.
You didn't know any spells.
Your spell library was empty.

Dungeon Overview and Level Annotations

Branches:
Dungeon (1/1)

Altars:
Makhleb
Xom
Jiyva
Lugonu


Innate Abilities, Weirdness & Mutations

You have a pair of horns on your head.
You reflexively headbutt those who attack you in melee.


Message History

You now have 108 gold pieces (gained 27).
You now have 135 gold pieces (gained 27).
You now have 162 gold pieces (gained 27).
You start resting.
HP restored.
You open the door.
A slime creature comes into view.
The slime creature quivers.
Found four altars.
The slime creature hits you.
There is an open door here.
You slash the slime creature!
Your headbutt misses the slime creature.
The slime creature is lightly wounded.
The slime creature hits you but does no damage.
You slash the slime creature! You headbutt the slime creature!
The slime creature is heavily wounded.
The slime creature hits you but does no damage.
You hit the slime creature. You headbutt the slime creature.
The slime creature is heavily wounded.
The slime creature hits you.
You hit the slime creature.
The slime creature is heavily wounded.
The slime creature hits you!
The slime creature jiggles.
The slime creature hits you!
You hit the slime creature. You headbutt the slime creature!
The slime creature is almost dead.
The slime creature hits you!
* * * LOW HITPOINT WARNING * * *
You barely miss the slime creature.
The slime creature is almost dead.
The slime creature hits you.
* * * LOW HITPOINT WARNING * * *
Unknown command.
You hit the slime creature.
Your headbutt misses the slime creature.
The slime creature is almost dead.
The slime creature hits you.
You die...

###################
#<)#..').#..'..#__#
#..'..#..').#..@J.+
#..#####'#####+#__#
#..# #..# ### #..#
#### #..# #⌠⌠# ####


You could see a slime creature.

Vanquished Creatures
  Sigmund (D)
  An ogre (D)
  Ijyb (D)
3 creatures vanquished.

Notes
Turn   | Place    | Note
-------+----------+-------------------------------------------
     0 | D        | Silvore the Minotaur Fighter began the quest for the Orb.
     0 | D        | Reached XP level 1. HP: 19/19 MP: 0/0
     2 | D        | Noticed Ijyb
    16 | D        | Killed Ijyb
    17 | D        | Reached skill level 5 in Fighting
    17 | D        | Reached skill level 5 in Armour
    17 | D        | Reached skill level 5 in Shields
    17 | D        | Reached XP level 2. HP: 21/29 MP: 1/1
    22 | D        | Noticed an ogre
    24 | D        | Killed an ogre
    25 | D        | Reached skill level 7 in Fighting
    25 | D        | Reached XP level 3. HP: 32/39 MP: 2/2
    25 | D        | Reached XP level 4. HP: 38/47 MP: 3/3
    27 | D        | Noticed Sigmund
    39 | D        | Killed Sigmund
    40 | D        | Reached skill level 9 in Fighting
    40 | D        | Reached skill level 5 in Axes
    40 | D        | Reached XP level 5. HP: 35/57 MP: 4/4
   115 | D        | Found a burning altar of Makhleb.
   115 | D        | Found a viscous altar of Jiyva.
   115 | D        | Found a shimmering altar of Xom.
   115 | D        | Found a corrupted altar of Lugonu.
   115 | D        | Noticed a slime creature
   122 | D        | HP: 2/57 [slime creature (3)]
   123 | D        | Slain by a slime creature

Illustrated notes

Levels and vault maps discovered:
D:        dungeon_sprint_1 [red_sonja_temple_1, red_sonja_temple_small_1]

Skill      XL: |  1  2  3  4 |
---------------+-------------+-----
Fighting       | 5 7 9 |  9.0
Axes           | 3 4 5 |  5.5
Armour         | 5 7 8 |  8.9
Shields        | 5 6 8 |  8.4
Dodging        | |  0.9

Action                     |  1- 3 |  4- 6 || total
---------------------------+-------+-------++-------
  Melee: War axe           |     7 |    12 ||    19
         Headbutt          |     1 |     4 ||     5
    Use: Potion            |     1 |       ||     1
 Armour: Scale mail        |     8 |    12 ||    20
  Dodge: Dodged            |     4 |     3 ||     7
  Block: Buckler           |       |     1 ||     1
